AoeStats
← 雫畑躾

Fortress

510344490Analyzed
1v1 RM · 1d ago on Sep 30, 2026· 36m 13s· 2 players
Game mode
Random Map
Map size
Small (3 player)
Population
200
Speed
Normal
Resources
Standard
Victory
Conquest
Starting age
Dark Age
Ending age
Imperial Age
RankedLock teamsTeams togetherTeam positionsShared explorationLock speedFull tech treeHidden civsTurbo modeCheats
Victory
Defeat
🇪🇸 Varangians · Spain
1193
+16
🇹🇼 Romans · Taiwan
1194
-16
Aprendiz
7:13 Feudal Age
10:46 Castle Age
9:47 Double-Bit Axe
9:48 Horse Collar
17:14 Fervor
21:58 Wheelbarrow
22:14 Bow Saw
22:08 Heavy Plow
23:06 Hand Cart
23:46 Fletching
24:17 Forging
27:03 Loom
27:04 Town Watch
31:11 Imperial Age
30:10 Scale Barding Armor
30:41 Iron Casting
30:16 Gold Mining
30:17 Stone Mining
31:20 Chain Barding Armor
32:07 Bloodlines
31:57 Husbandry
33:06 Light Cavalry
34:34 Plate Barding Armor
35:00 Blast Furnace
35:06 Bodkin Arrow
35:48 Conscription
雫畑躾
8:05 Feudal Age
8:32 Double-Bit Axe
12:24 Castle Age
10:29 Horse Collar
12:29 Scale Mail Armor
12:20 Man-at-Arms
13:08 Loom
13:39 Bow Saw
14:14 Long Swordsman
17:17 Forging
18:17 Squires
19:06 Chain Mail Armor
21:26 Iron Casting
27:31 Pikeman
28:18 Fletching
Connection lost

Rejoining the realm…

Still unreachable

The connection could not be restored.

Session expired

The server has moved on; the page needs a fresh start.